[Event "Late-Titled-Tuesday-Blitz-February-06-2024"]
[Site "Chess.com"]
[Date "2024.02.06"]
[Round "7"]
[White "BogdanDeac"]
[Black "DenLaz"]
[Result "1/2-1/2"]
[WhiteElo "3008"]
[BlackElo "3057"]
[TimeControl "180+1"]
[EndTime "15:18:13 PST"]
[Termination "Game drawn by repetition"]

1. d4 Nf6 2. c4 e6 3. Nf3 d5 4. g3 Bb4+ 5. Bd2 Be7 6. Bg2 O-O 7. Qc2 Nbd7 8. O-O c6 9. Rd1 a5 10. Bf4 h6 11. a3 b6 12. Ne5 Bb7 13. cxd5 cxd5 14.
Nc6 Qe8 15. Nxe7+ Qxe7 16. Nc3 Rfc8 17. Qd2 Ne4 18. Nxe4 dxe4 19. Rac1 Nf6 20. Be5 Nd7 21. Rxc8+ Rxc8 22. Rc1 Qd8 23. Bf4 f5 24. h4 Nf6 25.
e3 Ba6 26. Bh3 Nd5 27. Be5 h5 28. Qd1 g6 29. Bf1 Bxf1 30. Qxf1 Kf7 31. Rxc8 Qxc8 32. Qb5 Ke7 33. Kg2 Qc2 34. Kg1 Qc8 35. Kg2 Kd8 36.
Kg1 Qb7 37. Kg2 Ke7 38. Bf4 Qd7 39. Qa6 Kf7 40. Qa8 Qe8 41. Qb7+ Qe7 42. Qc8 Qe8 43. Qb7+ Qe7 44. Qb8 Qe8 45. Qb7+ 1/2-1/2

[Event "Late-Titled-Tuesday-Blitz-February-06-2024"]
[Site "Chess.com"]
[Date "2024.02.06"]
[Round "7"]
[White "PawnEatingZombie"]
[Black "Fh2411"]
[Result "0-1"]
[WhiteElo "2209"]
[BlackElo "2599"]
[TimeControl "180+1"]
[EndTime "15:18:13 PST"]
[Termination "Fh2411 won on time"]

1. e4 c6 2. Nf3 d5 3. d3 Bg4 4. h3 Bh5 5. g4 Bg6 6. e5 e6 7. h4 h5 8. g5 c5 9. Be2 Ne7 10. Ng1 Nbc6 11. f4 Nf5 12. Bf3 Rc8 13.
Ne2 Qb6 14. c3 Qa6 15. Kf2 Nfe7 16. Ng3 Qxd3 17. Qxd3 Bxd3 18. Nxh5 Nf5 19. Nd2 c4 20.
Nf1 Bc5+ 21. Kg2 Bxf1+ 22. Kxf1 Rxh5 23. Bxh5 Ng3+ 24. Kg2 Nxh5 25. Kf3 g6 26. Be3 Ne7 27. Bxc5 Rxc5 28. Rhc1 Nf5 29. b3 Nxh4+ 30. Kg4 Nf5 31. bxc4 Rxc4 32. Rab1 Rxf4+ 33. Kh3 b6 34. c4 dxc4 35.
Rb4 Ne3 36. a4 Re4 37. a5 bxa5 38. Rb8+ Ke7 39. Rcb1 Rd4 40. R1b7+ Rd7 41. Rxd7+ Kxd7 42. Rb7+ Kc6 43. Rxa7 Kb5 44. Rxf7 c3 45. Rc7 Nc4 46.
Rb7+ Ka4 47. Kg4 c2 0-1

[Event "Late-Titled-Tuesday-Blitz-February-06-2024"]
[Site "Chess.com"]
[Date "2024.02.06"]
[Round "7"]
[White "HaryKane"]
[Black "Gryffindorac8"]
[Result "1-0"]
[WhiteElo "2567"]
[BlackElo "2375"]
[TimeControl "180+1"]
[EndTime "15:18:15 PST"]
[Termination "HaryKane won on time"]

1. e4 c5 2. Nf3 d6 3. Bb5+ Bd7 4. Bxd7+ Qxd7 5. c4 Nf6 6. Nc3 Nc6 7. O-O g6 8.
d3 Bg7 9. h3 O-O 10. Be3 Qd8 11. Qd2 Nd7 12. Bh6 a6 13. Bxg7 Kxg7 14. d4 cxd4 15.
Nxd4 Qb6 16. Nb3 Nf6 17. Nd5 Nxd5 18. exd5 Ne5 19. Qf4 Rac8 20. c5 Qc7 21. Qd4 dxc5 22. Nxc5 Qxc5 23. Qxe5+ Kg8 24. Rfe1 Rc7 25. Re2 Rd8 26.
Rd1 Rcd7 27. Red2 e6 28. b4 Qxb4 29. d6 Qb5 30. Qf4 Qf5 31. Qd4 h5 32. Qb6 Qb5 33.
Qe3 Qc6 34. Qe5 b5 35. g4 hxg4 36. hxg4 Qc4 37. f3 Rc8 38. Kh1 Qc5 39. Qf6 Qc3 40.
Qf4 Rc4 41. Qg3 Rc6 42. Rd3 Qf6 43. f4 Rc4 44. f5 exf5 45. g5 Qe6 46. Re1 Re4 47. Rc1 Rd8 48. Rd2 Rg4 49. Qc3 Qe4+ 50. Kh2 1-0

[Event "Late-Titled-Tuesday-Blitz-February-06-2024"]
[Site "Chess.com"]
[Date "2024.02.06"]
[Round "7"]
[White "BebeBonito2022"]
[Black "cande_francisco"]
[Result "0-1"]
[WhiteElo "2325"]
[BlackElo "2534"]
[TimeControl "180+1"]
[EndTime "15:18:19 PST"]
[Termination "cande_francisco won on time"]

1. d4 Nf6 2. c4 c5 3. d5 e6 4.
Nc3 exd5 5. cxd5 d6 6. e4 g6 7. f4 Bg7 8. Bb5+ Nfd7 9. a4 O-O 10. Nf3 Na6 11. O-O Nb4 12. Re1 a6 13. Bf1 Re8 14.
h3 f5 15. Ng5 Nf8 16. Bc4 fxe4 17. Ngxe4 Bf5 18. g4 Bxe4 19. Rxe4 Qh4 20. Qf3 Bxc3 21. bxc3 Rxe4 22. Qxe4 Qg3+ 23. Kh1 Qxh3+ 24. Kg1 Qxc3 25. Rb1 Qg3+ 26. Kh1 Qh3+ 27. Kg1 Qxg4+ 28. Kf2 Qh4+ 29. Kg2 Qg4+ 30. Kf2 Qd7 31. Bb2 Re8 32. Qf3 Re7 33. Rg1 Kf7 34. f5 Ke8 35. f6 Rf7 36. Re1+ Kd8 37.
Qe4 b5 38. axb5 axb5 39. Qe7+ Rxe7 40. fxe7+ Ke8 41.
exf8=Q+ Kxf8 42. Bb3 Qf5+ 43. Kg1 Qg4+ 44. Kf2 Nd3+ 45.
Ke3 Nxe1 0-1

[Event "Late-Titled-Tuesday-Blitz-February-06-2024"]
[Site "Chess.com"]
[Date "2024.02.06"]
[Round "7"]
[White "krzyzan94"]
[Black "zverr1"]
[Result "1-0"]
[WhiteElo "2803"]
[BlackElo "2577"]
[TimeControl "180+1"]
[EndTime "15:18:20 PST"]
[Termination "krzyzan94 won on time"]

1. d4 Nf6 2. Nc3 d5 3. Bf4 g6 4. e3 Bg7 5. h4 h6 6. Nf3 O-O 7. Ne5 c6 8. Bd3 Nbd7 9. h5 g5 10. Bg3 Nxe5 11. Bxe5 Nd7 12. Bxg7 Kxg7 13. f4 f6 14.
fxg5 fxg5 15. e4 e5 16. exd5 exd4 17. Ne2 Qf6 18. Kd2 Nc5 19. Rf1 Qe5 20. Rxf8 Qe3+ 21. Ke1 Kxf8 22. Qd2 Qe5 23. b4 Na6 24. Kf2 Bg4 25. Rf1 Re8 26. Kg1+ Kg7 27. Bxa6 bxa6 28. Nxd4 cxd5 29. Qc3 Qe3+ 30. Qxe3 Rxe3 31. Kf2 Rc3 32.
Re1 Bxh5 33. Re7+ Kf8 34. Rxa7 Bg6 35. Rxa6 Bxc2 36. Rc6 Rxc6 37. Nxc6 Ke8 38. Nd4 Be4 39. a4 Kd7 40. a5 h5 41. b5 Kc7 42. Ne6+ Kd6 43. Nxg5 Bd3 44. b6 Kc6 45. Ne6 Bc4 46.
Nd4+ Kb7 47. Ne6 Ka6 48. Nc5+ Kb5 49. b7 Kxa5 50. b8=Q 1-0

[Event "Late-Titled-Tuesday-Blitz-February-06-2024"]
[Site "Chess.com"]
[Date "2024.02.06"]
[Round "7"]
[White "yobdc"]
[Black "tgpgoat"]
[Result "0-1"]
[WhiteElo "2587"]
[BlackElo "2472"]
[TimeControl "180+1"]
[EndTime "15:18:22 PST"]
[Termination "tgpgoat won by resignation"]

1. e4 c5 2. Nf3 e6 3. g3 d6 4. Bg2 Nf6 5. d3 Be7 6. O-O O-O 7. Nbd2 Nc6 8. c3 Rb8 9. a4 a6 10. Re1 b5 11. axb5 axb5 12. d4 cxd4 13. cxd4 Bb7 14. Nb3 Qb6 15. Be3 d5 16. e5 Ne4 17.
Re2 Rfc8 18. Ne1 Nb4 19. f3 f5 20. fxe4 fxe4 21. Rf2 Nc6 22. Bh3 Nd8 23. Nc5 Bxc5 24. dxc5 Qc7 25. Bd4 Bc6 26. b4 Bd7 27. Nc2 Nc6 28.
Qh5 g6 29. Qh6 Rf8 30. Raf1 Rxf2 31. Rxf2 Qd8 32. Rf6 Qe7 33. Qh4 Ra8 34. Bf2 Nxe5 35. Nd4 Kg7 36. Rf4 g5 37. Qh5 Be8 38. Nxe6+ Qxe6 39. Bxe6 Bxh5 40. Rf5 Nf3+ 41. Kg2 d4 42. c6 d3 43. c7 d2 44. Rd5 Ne1+ 45. Kf1 Nd3 46.
Rxd3 exd3 47. Bd4+ Kf8 48. Bc5+ Ke8 49. Bb3 d1=Q+ 50. Bxd1 Bxd1 51. Kf2 Be2 52. Ke3 Rc8 53. Bb6 Kd7 54. Ba5 Rxc7 55. h4 Rc6 56. hxg5 Rc4 0-1

[Event "Late-Titled-Tuesday-Blitz-February-06-2024"]
[Site "Chess.com"]
[Date "2024.02.06"]
[Round "7"]
[White "pr1105"]
[Black "HalfIsCrayfish"]
[Result "0-1"]
[WhiteElo "2422"]
[BlackElo "2585"]
[TimeControl "180+1"]
[EndTime "15:18:24 PST"]
[Termination "HalfIsCrayfish won by checkmate"]

1. e4 Nc6 2. Nf3 f5 3. exf5 d5 4.
Bb5 Bxf5 5. d4 Qd6 6. O-O O-O-O 7. Nbd2 h6 8. Bxc6 Qxc6 9. Ne5 Qe8 10. c4 Nf6 11. c5 e6 12. b4 g5 13. a4 Nd7 14.
Nxd7 Qxd7 15. Re1 Bg7 16. Nf3 Be4 17. Ne5 Bxe5 18. dxe5 Rhf8 19. b5 c6 20. Be3 d4 21.
Bd2 Qd5 22. f3 Bf5 23. Bb4 h5 24. Qd2 g4 25. f4 Be4 26. a5 a6 27. bxa6 bxa6 28.
Qe2 d3 29. Qxe4 d2 30. Bxd2 Qxe4 31. Rxe4 Rxd2 32. Rb1 h4 33. Reb4 Kd7 34. Rb7+ Ke8 35. Rb8+ Kf7 36. R1b7+ Kg8 37. Rxf8+ Kxf8 38. Ra7 g3 39.
hxg3 hxg3 40. Kf1 Rf2+ 41. Ke1 Rxg2 42. Rxa6 Ra2 43. Kf1 Kf7 44. Rxc6 Kg6 45. Rxe6+ Kf5 46. Rf6+ Ke4 47. Rg6 Kf3 48. Ke1 Rxa5 49. c6 Kxf4 50. c7 Rc5 51. e6 Rxc7 52. Kf1 Kf3 53. Rf6+ Kg4 54. Rg6+ Kf4 55. Rf6+ Kg5 56. Rf3 Kg4 57.
Re3 Rc1+ 58. Kg2 Rc2+ 59. Kg1 Kh3 60. e7 Rc1+ 61. Re1 Rxe1# 0-1

[Event "Late-Titled-Tuesday-Blitz-February-06-2024"]
[Site "Chess.com"]
[Date "2024.02.06"]
[Round "7"]
[White "Chessdreamer2020"]
[Black "Dzidzik2203"]
[Result "1-0"]
[WhiteElo "2552"]
[BlackElo "2376"]
[TimeControl "180+1"]
[EndTime "15:18:24 PST"]
[Termination "Chessdreamer2020 won by resignation"]

1. e4 c5 2. Nf3 d6 3. d4 cxd4 4.
Qxd4 Nf6 5. h3 Nc6 6. Qe3 g6 7. Be2 Bg7 8. O-O O-O 9. Rd1 Qc7 10. c4 Ne5 11. Nxe5 dxe5 12. Nc3 e6 13. b3 Nd7 14. Ba3 Rd8 15. Nb5 Qb6 16. Qxb6 axb6 17. Be7 Re8 18. Nc7 Rxe7 19. Nxa8 Bf8 20. Nc7 Nb8 21. Nb5 Nc6 22.
Nd6 Rc7 23. Nxc8 Rxc8 24. Rd7 Nd4 25. Bf1 Rb8 26. Rd1 Bc5 27. a3 Bxa3 28. Ra1 Bc5 29.
Ra7 Nxb3 30. Raxb7 Rxb7 31. Rxb7 Kf8 32. g3 Nd2 33.
Bd3 h5 34. Kg2 Nb3 35. f4 Bd4 36. f5 Nc5 37. Rb8+ Kg7 38. Bb1 Na6 39. Ra8 Nc5 40.
fxe6 Nxe6 41. Rb8 g5 42. Ba2 h4 43. Rb7 Kf6 44. gxh4 gxh4 45. c5 Bxc5 46. Bd5 Ng5 47. Rc7 Kg6 48. Rc6+ f6 49. Rc8 Bd4 50. Rg8+ Kh6 51.
Rf8 Kg7 52. Rg8+ Kh6 53. Rh8+ Kg7 54. Rxh4 b5 55. Rg4 Kh6 56. Rg3 b4 57. Rd3 Kh5 58. Rd1 Kh4 59. Rh1 Bc3 60. Rf1 Bd4 61. Rxf6 Kh5 62.
Rf8 Kh6 63. Rf6+ Kh5 64. Rf8 Kh6 65. h4 Nh7 66. Rf5 Kg7 67. Kf3 Nf6 68. Rg5+ Kf8 69. Bb3 Nd7 70. h5 Nc5 71. Bd5 b3 72. h6 b2 73. Ba2 Be3 74. Kxe3 1-0

[Event "Late-Titled-Tuesday-Blitz-February-06-2024"]
[Site "Chess.com"]
[Date "2024.02.06"]
[Round "7"]
[White "Atousa"]
[Black "tactic"]
[Result "1/2-1/2"]
[WhiteElo "2487"]
[BlackElo "2653"]
[TimeControl "180+1"]
[EndTime "15:18:25 PST"]
[Termination "Game drawn - insufficient material"]

1. e4 c5 2. Nf3 e6 3. d4 cxd4 4. Nxd4 a6 5. Nc3 b5 6. Bd3 Bb7 7. O-O b4 8. Na4 Nf6 9. Re1 Nc6 10. Be3 Rb8 11. Nxc6 Bxc6 12. Nc5 Bxc5 13. Bxc5 d6 14. Bd4 e5 15. Be3 Bxe4 16. Bg5 Bc6 17. Bxa6 O-O 18.
Qd2 h6 19. Bh4 g5 20. Bg3 Ne4 21. Qd3 Nc5 22. Qf1 Nxa6 23. Qxa6 Bb5 24. Qa7 f5 25. f3 f4 26. a4 bxa3 27. Bf2 axb2 28. Rab1 Bc4 29.
Qa3 Qc7 30. Rxb2 Ra8 31. Qc3 Ra4 32. Rd1 d5 33. Rbb1 Rfa8 34. Rxd5 Ra3 35. Qxe5 Qxe5 36. Rxe5 Ra2 37. Rc5 Rxc2 38. Re1 Raa2 39. Re7 Ra1+ 40. Be1 Re2 41. Rxe2 Bxe2 42. Kf2 Bd3 43. Rc3 Ra2+ 44. Kg1 Bg6 45. Kf1 Be8 46. h4 Bb5+ 47. Kg1 Ra1 48. Kf2 Ra2+ 49. Kg1 Re2 50. Bf2 Rb2 51. Rc8+ Kf7 52.
hxg5 Rb1+ 53. Kh2 hxg5 54. Rb8 Bd3 55. Rxb1 Bxb1 56. g3 Kg6 57. gxf4 gxf4 58. Kg2 Kf5 59. Bc5 Bd3 60. Bb6 Be2 61. Bc7 Bc4 62. Bxf4 Kxf4 63. Kf2 Bd5 64. Ke1 Bxf3 1/2-1/2

[Event "Late-Titled-Tuesday-Blitz-February-06-2024"]
[Site "Chess.com"]
[Date "2024.02.06"]
[Round "7"]
[White "rezamahdavi2008"]
[Black "MolecularChemist"]
[Result "0-1"]
[WhiteElo "2842"]
[BlackElo "2962"]
[TimeControl "180+1"]
[EndTime "15:18:27 PST"]
[Termination "MolecularChemist won on time"]

1. e4 e5 2. Nf3 Nc6 3. Bc4 Nf6 4.
d3 Bc5 5. Nc3 h6 6. Be3 d6 7.
Nd5 O-O 8. c3 Bxe3 9. fxe3 Nxd5 10. Bxd5 Be6 11. Bxe6 fxe6 12. Qb3 Qd7 13. O-O Kh7 14.
Rf2 Na5 15. Qa3 Nc6 16. Qb3 Na5 17. Qb4 b6 18. Raf1 Rf6 19. c4 c5 20. Qd2 Raf8 21. b4 Nc6 22. b5 Ne7 23. d4 exd4 24. exd4 cxd4 25. Qxd4 Qc7 26. e5 dxe5 27. Nxe5 Rxf2 28. Rxf2 Rxf2 29. Kxf2 Nf5 30. Qe4 Qc5+ 31. Kf3 Qa3+ 32. Nd3 Kh8 33. Qa8+ Kh7 34. Qe4 h5 35. g4 hxg4+ 36.
Kxg4 Qxa2 37. Qxe6 Nh6+ 38. Kg3 Qd2 39. Qe4+ Kh8 40. Nf4 Qc3+ 41. Kg2 Qb2+ 42. Kg3 Qc3+ 43. Kg2 Qb2+ 44. Kh3 Qc3+ 45. Kh4 Qf6+ 46. Kh5 Qf7+ 47. Ng6+ Kh7 48. Kg5 Qf6+ 49. Kh5 Nf5 50. Qg4 Qf7 0-1

[Event "Late-Titled-Tuesday-Blitz-February-06-2024"]
[Site "Chess.com"]
[Date "2024.02.06"]
[Round "7"]
[White "Kostukov_Alex"]
[Black "terrortoast"]
[Result "0-1"]
[WhiteElo "2276"]
[BlackElo "2425"]
[TimeControl "180+1"]
[EndTime "15:18:28 PST"]
[Termination "terrortoast won on time"]

1. g3 d5 2. Bg2 e5 3. c4 d4 4.
d3 Nf6 5. Nf3 Nc6 6. O-O a5 7.
e3 Bc5 8. exd4 exd4 9. Re1+ Be7 10. Ne5 Nxe5 11. Rxe5 O-O 12. h3 c6 13. Nd2 Nd7 14.
Re1 a4 15. Nf3 Nc5 16. Bf4 Bf5 17. Bf1 Re8 18. Qd2 Bf6 19. Rxe8+ Qxe8 20. Re1 Qd7 21. Kh2 a3 22. b4 Na4 23. Ne5 Bxe5 24. Rxe5 f6 25.
Ra5 Rxa5 26. bxa5 Nc3 27. Bg2 Qe7 28. h4 Qe2 29. Qc1 Qxa2 30. a6 bxa6 31. Qe1 Qe2 32.
Qc1 a2 33. Bd2 Qxd2 34. Qxd2 a1=Q 35. Qf4 Qa5 36. Qxd4 Qe5 37. Qd8+ Kf7 38. Bxc6 Qe7 39. Qd4 Ne2 40. Qd5+ Be6 41. Qe4 Nc3 42. Qxh7 Qc5 43. Be4 Qxf2+ 44. Kh1 Nxe4 45. Qxe4 Bh3 46. Qb7+ Kg6 47.
Qe4+ Kh6 48. Qf4+ Qxf4 49. gxf4 a5 50. c5 a4 51. c6 a3 52. c7 a2 53. Kh2 Bd7 0-1

[Event "Late-Titled-Tuesday-Blitz-February-06-2024"]
[Site "Chess.com"]
[Date "2024.02.06"]
[Round "7"]
[White "Igor_Lysyj"]
[Black "AsterPhoenix"]
[Result "0-1"]
[WhiteElo "2864"]
[BlackElo "2645"]
[TimeControl "180+1"]
[EndTime "15:18:30 PST"]
[Termination "AsterPhoenix won by resignation"]

1. d4 Nf6 2. c4 e6 3. Nf3 Bb4+ 4.
Bd2 Qe7 5. g3 Bxd2+ 6. Qxd2 Nc6 7. a3 d5 8. Bg2 dxc4 9. Qc3 O-O 10. Nbd2 Nd5 11. Qxc4 Bd7 12. O-O Rac8 13. Rac1 Rfd8 14. Rfd1 h6 15. Nb3 Nb6 16. Qc5 Be8 17. Qxe7 Nxe7 18. Na5 Rb8 19. Ne5 c6 20. e3 Nd7 21. Nd3 Nd5 22. b4 Rdc8 23. Rd2 Kf8 24. Rb2 Ke7 25. e4 Nc7 26. a4 Na6 27. Rbc2 Nb6 28. Ra1 Rd8 29. Nb3 f6 30. f4 Bf7 31. b5 e5 32.
bxa6 Bxb3 33. Rc3 Bc4 34. axb7 exd4 35. Rca3 Rxb7 36. Nc5 Rc7 37. Rc1 Bf7 38. Rd3 Nc4 39.
Kf2 Rcc8 40. Bf1 Rb8 41. Be2 Rb2 42. Rcd1 Rc2 43. Rxd4 Rxd4 44. Rxd4 Nb6 45. Ke3 Rxc5 46. Rb4 Rc3+ 47. Kd2 Ra3 48. Bd1 Ra2+ 49. Kc1 c5 50. Rb5 Nxa4 51. Ra5 Nc3 52. Rxc5 Ra1+ 53. Kd2 Rxd1+ 54.
Kxc3 Rc1+ 55. Kb4 Rxc5 56. Kxc5 Be8 0-1

[Event "Late-Titled-Tuesday-Blitz-February-06-2024"]
[Site "Chess.com"]
[Date "2024.02.06"]
[Round "7"]
[White "Laico"]
[Black "OYAcosta"]
[Result "0-1"]
[WhiteElo "2359"]
[BlackElo "2195"]
[TimeControl "180+1"]
[EndTime "15:18:30 PST"]
[Termination "OYAcosta won on time"]

1. e4 c6 2. d4 d5 3. f3 e6 4. Nc3 Nf6 5. Bf4 Be7 6. Qd2 a5 7. e5 Nfd7 8. g4 c5 9. Nb5 Nc6 10. c3 O-O 11. O-O-O cxd4 12. cxd4 Qb6 13. h4 a4 14. h5 a3 15. b3 Ra5 16. Nc3 Bb4 17.
Nge2 Ndb8 18. g5 Bd7 19. Kb1 Na6 20. Rc1 Rc8 21. g6 Ne7 22. gxf7+ Kxf7 23. Bh3 Nf5 24. Qd3 Bxc3 25. Nxc3 Nb4 26. Qd2 Qxd4 27. Bxf5 Qxd2 28. Bxd2 exf5 29. Rcg1 Rac5 30. Na4 Bxa4 31. Bxb4 Rc2 32. bxa4 Rb2+ 33. Ka1 Rcc2 34. Bxa3 Rxa2+ 35.
Kb1 Rf2 36. e6+ Kxe6 37. Rxg7 Rxa3 38. Re1+ Kf6 39. Rxh7 Rb3+ 40. Kc1 Rc3+ 41. Kb1 Rb3+ 42. Kc1 Ra3 43. Kb1 Rxa4 44. Rxb7 Rh4 45. h6 Rxf3 46. h7 Rfh3 47. Rb6+ Kg5 48. Rd6 Rxh7 49. Rxd5 Rh1 50. Rxh1 Rxh1+ 51. Kc2 Re1 52. Kd2 Re8 53. Rd7 f4 0-1

[Event "Late-Titled-Tuesday-Blitz-February-06-2024"]
[Site "Chess.com"]
[Date "2024.02.06"]
[Round "7"]
[White "reevecanada"]
[Black "ProfessorChess101"]
[Result "0-1"]
[WhiteElo "2563"]
[BlackElo "2804"]
[TimeControl "180+1"]
[EndTime "15:18:31 PST"]
[Termination "ProfessorChess101 won by checkmate"]

1. e4 e5 2. Nf3 Nc6 3. d4 exd4 4. Nxd4 Bc5 5. Nb3 Bb4+ 6. c3 Be7 7. c4 Nf6 8. Nc3 Bb4 9. Bd3 d6 10. O-O Bxc3 11.
bxc3 h6 12. Nd4 O-O 13. Rb1 Re8 14. f3 Ne5 15. Bf4 c6 16. Bxe5 dxe5 17. Nb3 Be6 18. Nc5 Qa5 19. Nxb7 Qxc3 20. Qe2 Rab8 21. Kh1 Nd7 22. Nd6 Red8 23. Nb7 Rxb7 24. Rxb7 Nc5 25. Rxa7 Nxd3 26. Qe3 Qxc4 27. Qb6 Qd4 28. Qxd4 exd4 29. Kg1 c5 30. Rd1 c4 31. Rc7 Ra8 32. Rd2 Rb8 33. g3 Ne5 34. Kf2 d3 35. Ke3 Rb1 36. f4 Ng4+ 37. Kd4 g6 38. h3 Nf6 39. Ke5 Kg7 40. f5 gxf5 41. exf5 Re1+ 42. Kd4 Re4+ 43. Kc5 Bxf5 44. Kd6 Re6+ 45. Kc5 Ne4+ 46. Kxc4 Nxd2+ 47.
Kc3 Nb1+ 48. Kb2 d2 49. Rd7 Re1 50. Rd6 d1=Q 51. Rxd1 Rxd1 52. a4 Nd2 53. a5 Nc4+ 54.
Kc3 Nxa5 55. Kb4 Nc6+ 56. Kc5 Nd4 57. g4 Be6 58. h4 Bxg4 59. Kd6 Be6 60. Ke7 Nf5+ 61.
Ke8 Kf6 62. h5 Ng7+ 63. Kf8 Rd8# 0-1

[Event "Late-Titled-Tuesday-Blitz-February-06-2024"]
[Site "Chess.com"]
[Date "2024.02.06"]
[Round "7"]
[White "szachmistrz2500"]
[Black "Karttunen"]
[Result "0-1"]
[WhiteElo "2498"]
[BlackElo "2642"]
[TimeControl "180+1"]
[EndTime "15:18:31 PST"]
[Termination "Karttunen won on time"]

1. d4 Nf6 2. c4 e6 3. Nf3 d5 4. Nc3 Bb4 5. Bg5 h6 6. Bxf6 Qxf6 7. e3 c6 8. Bd3 Nd7 9. O-O O-O 10. Qc2 dxc4 11. Bxc4 e5 12. d5 Nb6 13. Bb3 Bf5 14. e4 Bg4 15. Nd2 Rac8 16. f3 Bd7 17. Qd3 Bc5+ 18. Kh1 Bd4 19. Nc4 Nxc4 20. Bxc4 b5 21. Bb3 a6 22. dxc6 Bxc6 23. Qd2 b4 24. Nd5 Qd6 25. Qxb4 Qxb4 26. Nxb4 Bb5 27. Rfd1 Bxb2 28.
Rab1 Bd4 29. Nd5 Kh8 30. a4 Bd7 31. a5 Rc5 32. Nb6 Bb5 33. Bd5 g6 34. Rdc1 f5 35. Rxc5 Bxc5 36. Rc1 Bb4 37. Rc7 Bxa5 38. Rb7 Bxb6 39.
Rxb6 Kg7 40. h4 h5 41. Rb7+ Kh6 42. Ra7 f4 43. Kh2 Rf6 44. Bg8 g5 45. Rh7+ Kg6 46.
hxg5 Kxg5 47. Ra7 Rg6 48. Bd5 Kh6 49. Ra8 Rg5 50. Rh8+ Kg7 51. Ra8 Kf6 52. Bb7 Bf1 53.
Bxa6 Bxg2 54. Be2 h4 55. Rf8+ Ke7 56. Rf5 Rxf5 57. exf5 h3 0-1

[Event "Late-Titled-Tuesday-Blitz-February-06-2024"]
[Site "Chess.com"]
[Date "2024.02.06"]
[Round "7"]
[White "IMSlavin"]
[Black "Korchmar_Vasiliy"]
[Result "0-1"]
[WhiteElo "2352"]
[BlackElo "2734"]
[TimeControl "180+1"]
[EndTime "15:18:36 PST"]
[Termination "Korchmar_Vasiliy won by resignation"]

1. e4 c5 2. g3 d5 3. exd5 Nf6 4. Qf3 Bg4 5. Qb3 g6 6. Bg2 Bg7 7. Nc3 O-O 8. Qxb7 Nbd7 9. d3 Rb8 10. Qxa7 Nb6 11. Qa5 Nfxd5 12. Nxd5 Nxd5 13. Qxd8 Rfxd8 14. c3 Nxc3 15. Bf3 Bxf3 16. Nxf3 Rxd3 17. Nd2 Na4 18. Rb1 Bxb2 19. Nc4 Bc3+ 20. Ke2 Rxb1 21. Kxd3 Bd4 22. Kc2 Ra1 23. Kb3 Nc3 24. Re1 Nxa2 25. Bd2 Rxe1 26. Bxe1 Nb4 27. Bxb4 cxb4 28. Kxb4 Bxf2 29. Kc3 g5 30.
Kd3 Kg7 31. g4 Ba7 32. Ke4 Bb8 33. h3 Kg6 34. Ne3 e6 35. Nc4 f5+ 36. gxf5+ exf5+ 37. Kf3 h5 38. Na5 g4+ 39. hxg4 hxg4+ 40. Kg2 f4 41. Nc6 Bd6 42. Nd4 Kg5 43. Ne6+ Kh4 44. Nd4 Be5 45. Nf5+ Kg5 46. Ne7 f3+ 47. Kf2 Bd4+ 48.
Kg3 Be5+ 49. Kf2 Kf4 50. Ng6+ Ke4 51. Nxe5 Kxe5 0-1

[Event "Late-Titled-Tuesday-Blitz-February-06-2024"]
[Site "Chess.com"]
[Date "2024.02.06"]
[Round "7"]
[White "rasmussvane"]
[Black "traviscottofficial"]
[Result "1-0"]
[WhiteElo "2956"]
[BlackElo "2676"]
[TimeControl "180+1"]
[EndTime "15:18:38 PST"]
[Termination "rasmussvane won by checkmate"]

1. Nf3 Nf6 2. g3 g6 3. Bg2 Bg7 4. O-O O-O 5. d4 d6 6. Re1 c5 7.
dxc5 dxc5 8. c3 Nc6 9. Qxd8 Rxd8 10. Be3 c4 11. Na3 Ng4 12. Nxc4 Be6 13. Ncd2 Nxe3 14.
fxe3 Ne5 15. Nd4 Ng4 16. Nf1 Bd5 17. Red1 Bh6 18. Nc2 Bc4 19. Bf3 Ne5 20. Kf2 Nxf3 21. exf3 Rxd1 22. Rxd1 Bxa2 23. Rd7 Rb8 24. Rxe7 Be6 25.
Nd4 Bf8 26. Rc7 Bd6 27. Nxe6 Bxc7 28. Nxc7 Rd8 29. Nb5 Rd1 30. Ke2 Rb1 31. b4 a6 32.
Nd4 b6 33. h4 a5 34. Nd2 Rb2 35. bxa5 bxa5 36. Kd3 a4 37. Nc2 Kg7 38. c4 Kf6 39. Kc3 Rb8 40. Ne4+ Ke5 41. Nc5 Rb1 42. Nxa4 Rg1 43.
g4 Rh1 44. Nc5 Rxh4 45. Nd3+ Kd6 46. c5+ Kc7 47. Ncb4 Rh3 48. Nd5+ Kc6 49. Kd4 h5 50. gxh5 gxh5 51. Ne5+ Kb7 52. c6+ Kc8 53. Nxf7 Rxf3 54. Nd6+ Kd8 55. c7+ Kd7 56. c8=Q+ Kxd6 57. Qc7+ Ke6 58.
Qe7+ Kf5 59. Qf6+ Kg4 60. Qg6+ Kh4 61. Nf4 Rg3 62. Qxh5# 1-0

[Event "Late-Titled-Tuesday-Blitz-February-06-2024"]
[Site "Chess.com"]
[Date "2024.02.06"]
[Round "7"]
[White "mr_gustavo"]
[Black "Mikayel99"]
[Result "1-0"]
[WhiteElo "2699"]
[BlackElo "2534"]
[TimeControl "180+1"]
[EndTime "15:18:40 PST"]
[Termination "mr_gustavo won by resignation"]

1. b3 d5 2. Bb2 Bf5 3. f3 c5 4.
e4 dxe4 5. fxe4 Bxe4 6. Nc3 Bg6 7. Nf3 Nf6 8. Bb5+ Nbd7 9. Qe2 a6 10. Bxd7+ Qxd7 11. O-O-O e6 12. d4 c4 13. d5 O-O-O 14. Qxc4+ Qc7 15.
Qxc7+ Kxc7 16. dxe6 Rxd1+ 17. Rxd1 fxe6 18. Ne5 Bd6 19. Nxg6 hxg6 20. h3 Rd8 21. Ne2 Nh5 22. Kb1 Nf4 23. Rxd6 Nxe2 24. Rxd8 Kxd8 25. Be5 b5 26. c3 Kd7 27. Kc2 Kc6 28. Kd3 Nc1+ 29. Kc2 Kd5 30. Bh2 Nxa2 31. Kb2 Nxc3 32. Kxc3 a5 33.
Bc7 a4 34. bxa4 bxa4 35. Kb4 e5 36. Kxa4 Kd4 37. Kb3 e4 38. Kc2 Ke3 39. g4 Kf3 40. g5 Kf2 41. Kd1 e3 42. Bb6 Kf3 43. Ke1 Kg3 44. Ke2 Kxh3 45. Bxe3 Kg4 46. Bc1 Kf5 47. Kd3 Ke6 48. Ke4 Kd6 49. Kd4 Ke6 50. Kc5 Ke5 51.
Bd2 Ke6 52. Kc6 Ke7 53. Kc7 Ke6 54. Kd8 Kf7 55. Kd7 Kf8 56. Ke6 Kg8 57. Ke7 Kh8 58. Kf7 Kh7 59. Bc1 Kh8 60. Kxg6 Kg8 61. Bb2 Kf8 62. Bxg7+ Kg8 63. Bf6 Kf8 64. Kh7 Kf7 65. Bb2 Ke6 66. g6 Kd5 67. g7 1-0

[Event "Late-Titled-Tuesday-Blitz-February-06-2024"]
[Site "Chess.com"]
[Date "2024.02.06"]
[Round "7"]
[White "crazy_but_lazy"]
[Black "j_coca"]
[Result "1-0"]
[WhiteElo "2601"]
[BlackElo "2454"]
[TimeControl "180+1"]
[EndTime "15:18:40 PST"]
[Termination "crazy_but_lazy won on time"]

1. e4 g6 2. d4 Bg7 3. Nc3 d6 4.
f4 Nh6 5. Nf3 O-O 6. Bd3 Kh8 7.
Be3 e6 8. Qd2 Nc6 9. h3 f5 10. e5 Nf7 11. O-O-O a6 12. g4 dxe5 13. dxe5 Nb4 14. Be2 Qxd2+ 15. Rxd2 b6 16. Rhd1 Bb7 17. Rd7 Rac8 18. Nd4 Nd5 19. Nxd5 Bxd5 20. c4 c5 21. Nf3 Bc6 22. Ra7 a5 23. g5 Kg8 24. h4 Rfd8 25.
h5 Rxd1+ 26. Bxd1 Nd8 27. h6 Bf8 28. Nd2 Bb7 29. Nb1 Rc7 30. Nc3 Nc6 31. Nb5 Rd7 32. Rxb7 Rxb7 33. Bf3 Nd8 34. Bxb7 Nxb7 35. Nc7 Kf7 36.
Na8 Be7 37. Nxb6 Bd8 38. Na4 Be7 39. Kd2 Ke8 40. Kc3 Kd7 41. Kd3 Kc6 42. Nc3 Bd8 43. Kc2 Be7 44. Kb3 Nd8 45. Ka4 Kb6 46. a3 Nc6 47.
Ne2 Ka6 48. Ng1 Kb6 49. Nf3 Bd8 50. Nh4 Ne7 51. b4 axb4 52. axb4 Kc6 53. Bxc5 Ng8 54.
Nxg6 Kc7 55. Nh4 Kd7 56. Bf2 Ne7 57. b5 Bc7 58. g6 1-0

[Event "Late-Titled-Tuesday-Blitz-February-06-2024"]
[Site "Chess.com"]
[Date "2024.02.06"]
[Round "7"]
[White "Der_Balak_3Halak"]
[Black "mbojan"]
[Result "1/2-1/2"]
[WhiteElo "2524"]
[BlackElo "2822"]
[TimeControl "180+1"]
[EndTime "15:18:41 PST"]
[Termination "Game drawn by repetition"]

1. e4 c5 2. Nf3 e6 3. c3 d5 4. exd5 Qxd5 5. d4 Nf6 6. Be3 cxd4 7.
cxd4 Bd7 8. Nc3 Bb4 9. Bd3 Bb5 10. O-O Bxc3 11. bxc3 O-O 12. Rc1 Bxd3 13. Qxd3 b5 14. a4 bxa4 15. c4 Qa5 16. Ne5 Nbd7 17. Bf4 Nxe5 18. Bxe5 Nd7 19. Bd6 Rfd8 20. Ra1 Nb6 21. c5 Nd5 22. Qc4 Nc3 23. Rfc1 Nb5 24. Rxa4 Nxd6 25. Rxa5 Nxc4 26. Rxc4 Rd5 27. Kf1 Kf8 28. Ke2 Rad8 29. Ke3 e5 30. dxe5 Rxe5+ 31. Re4 Red5 32. f3 g6 33. g4 R8d7 34. Kf4 Rc7 35. Rc4 Kg7 36. Ke4 Rdd7 37. c6 Rd6 38. Ra6 Kf6 39. h4 Ke6 40. Rc5 f6 41. f4 Rd1 42. f5+ gxf5+ 43.
Rxf5 Rc1 44. Rfa5 Rc4+ 45. Kf3 Rc3+ 46. Kf4 Rc4+ 47. Kf3 Rc3+ 48. Ke2 R3xc6 49. Rxc6+ Rxc6 50. Rxa7 h6 51. Rh7 Rc4 52. Kf3 Rc3+ 53. Kf2 Rc4 54. Rg7 Ke5 55. Rg6 Ra4 56. Kf3 Ra3+ 57. Kf2 Ra4 58. Kf3 Ra3+ 59. Kf2 Ra2+ 60. Kf3 Ra3+ 1/2-1/2